Cogmind - Beta 15 @@@ ROGUE MODE // 2025.08.28 @ 18:25:54 Player: C0-2MO Result: Destroyed self with Grenade Launcher Performance ------------- Evolutions (0) 0 Regions Visited (2) 400 Robots Destroyed (27) 135 Value Destroyed (522) 522 Prototype IDs (2) 40 Alien Tech Used (0) 0 Bonus (0) 0 TOTAL SCORE: 1097 Bonus ------- None Cogmind --------- Core Integrity 0/250 Matter 143/300 Energy 125/125 System Corruption 11% Temperature Cool (20) Movement Core (300) Ox5 Location -10/Mines Parts ------- > --- POWER (1) -------- Light Ion Engine > --- PROPULSION (2) --- (None) > --- UTILITY (2) ------ Medium Storage Unit > --- WEAPON (2) ------- Grenade Launcher > --- INVENTORY (10) --- Light Treads Combat Airjet Flight Unit Flight Unit Flight Unit Flight Unit Flight Unit Mining Laser Mining Claw Peak State ------------ > --- POWER ------------ Light Ion Engine > --- PROPULSION ------- Light Treads Wheel > --- UTILITY ---------- Large Storage Unit Light Armor Plating > --- WEAPON ----------- Small Laser Assault Rifle > --- INVENTORY -------- Light Ion Engine Light Treads Wheel Compact Wheel Flight Unit Flight Unit Flight Unit Medium Storage Unit Mining Laser Mining Claw [Rating: 8] Favorites ----------- Power Light Ion Engine Engine Light Ion Engine Propulsion Wheel Treads Light Treads Wheel Wheel Utility Large Storage Unit Device Sensor Array Storage Large Storage Unit Protection Light Armor Plating Weapon Light Cannon Energy Gun Small Laser Ballistic Gun Assault Rifle Ballistic Cannon Light Cannon Launcher Grenade Launcher Special Weapon Mining Laser Slashing Weapon Mining Claw Build | -11 -10 -10 ------- Run | Yrd Mat Min Slots Evolved . | . . . Power . | . . . Propulsion . | . . . Utility . | . . . Weapon . | . . . Parts Attached 19 | 6 7 6 Power 2 | 1 . 1 Engine 2 | 1 . 1 Core . | . . . Reactor . | . . . Propulsion 4 | 3 . 1 Treads 1 | 1 . . Leg . | . . . Wheel 3 | 2 . 1 Hover . | . . . Flight . | . . . Utility 5 | . 4 1 Device 1 | . 1 . Storage 2 | . 2 . Processor . | . . . Hackware . | . . . Protection 2 | . 1 1 Artifact . | . . . Weapon 8 | 2 3 3 Energy Gun 1 | 1 . . Energy Cannon . | . . . Ballistic Gun 1 | 1 . . Ballistic Cannon 3 | . 2 1 Launcher 1 | . . 1 Special Weapon 1 | . 1 . Impact Weapon . | . . . Slashing Weapon 1 | . . 1 Piercing Weapon . | . . . Special Melee Weapon . | . . . Unidentified Prototypes . | . . . Parts Lost 10 | . . 10 Power 1 | . . 1 Propulsion 4 | . . 4 Utility 2 | . . 2 Weapon 3 | . . 3 Highest Loss Streak 7 | . . 7 To Critical Strikes . | . . . Average Backups 11 | 2 11 10 Power . | . 1 . Propulsion 6 | 2 6 7 Utility 1 | . 1 . Weapon 2 | . 2 2 Tool/Special . | . . . Unused Backups 10 | . 1 9 Power . | . . . Propulsion 10 | . 1 9 Utility . | . . . Weapon . | . . . Tool/Special . | . . . Average Slot Usage (%) 92 | . 97 73 Engine 13 | . 14 11 Treads 11 | . 14 2 Wheel 15 | . 14 22 Storage 13 | . 13 14 Protection 9 | . 11 2 Energy Gun 5 | . 7 . Ballistic Gun 5 | . 7 . Ballistic Cannon 12 | . 13 7 Launcher 1 | . . 6 Peak Build Rating 8 | 5 8 8 Average Rating 7 | 4 7 6 On Entrance 4 | . 5 8 Naked Turns . | . . . Heaviest Build 32 | 6 32 32 Greatest Support 26 | 20 20 26 Greatest Overweight (x) 3 | . 3 3 Average Overweight (x) 1 | . 2 . Largest Inventory Capacity 15 | 5 15 15 Average Capacity 13 | 5 14 11 Most Carried 15 | 5 15 15 Average Carried 11 | 3 11 10 Final Capacity 15 | 5 15 10 Final Carried 15 | 5 15 9 Class Distribution -------------------- 100% | Mutant Dominant Class ---------------- Mutant | -10/Materials Mutant | -10/Mines Resources | -11 -10 -10 ----------- Run | Yrd Mat Min Matter Collected 672 | 287 221 164 Remotely . | . . . Salvage Created 603 | 160 201 242 Parts 57 | 18 22 17 Haulers Intercepted . | . . . Recyclers Shooed . | . . . Parts Field Recycled . | . . . Retrieved Matter . | . . . Parts Self-Destructed . | . . . Prevented . | . . . Kills | -11 -10 -10 ------- Run | Yrd Mat Min Combat Hostiles Destroyed 28 | . 11 17 Melee 1 | . . 1 Guns 9 | . 9 . Cannons 6 | . 2 4 AOE 12 | . . 12 Classes Destroyed 7 | 2 2 3 Builder 1 | . . 1 Tunneler 5 | 5 . . Recycler 1 | 1 . . Swarmer 12 | . 9 3 Grunt 6 | . 2 4 Demolisher 2 | . . 2 Assembled 8 | . . 8 Best Kill Streak 6 | 6 3 5 Combat Bots Only 5 | . 3 5 Max Kills in Single Turn 3 | 1 2 3 Gunslinging 1 | . 1 . Exploded 3 | . . 3 Melee 1 | . . 1 Uniques/NPCs Destroyed . | . . . Combat | -11 -10 -10 -------- Run | Yrd Mat Min Hostile Shots Fired 94 | . 49 45 Missed 20 | . 11 9 Hits 74 | . 38 36 Melee 4 | . . 4 Projectile 70 | . 38 32 AOE 18 | . . 18 Damage Taken 1402 | . 309 1093 Core 250 | . 35 215 Absorbed by Shields . | . . . Regen/Repaired (Parts) 70 | . 70 . Core Remaining (%) 100 | 100 . . Volleys Fired 64 | 9 31 24 Largest 2 | 2 2 2 Hottest 100 | 60 100 60 Shots Fired 111 | 18 54 39 Gun 59 | 18 41 . Cannon 40 | . 12 28 Launcher 11 | . . 11 Special 1 | . 1 . Kinetic 70 | 9 33 28 Thermal 30 | 9 21 . Explosive 11 | . . 11 Electromagnetic . | . . . Robot Hit Streak 8 | 2 4 8 Robot Miss Streak 5 | 3 5 2 Penetration Max . | . . . Secondary Targets 1 | . 1 . Max Gunslinging Chain 1 | . 1 . Shots Hit Robots 59 | 8 21 30 Core Hits 54 | 7 12 35 Critical Kills . | . . . Critical Parts Destroyed . | . . . Critical Strikes 1 | . 1 . Blast 1 | . 1 . Melee Attacks 6 | . . 6 Impact . | . . . Slashing 6 | . . 6 Piercing . | . . . Sneak Attacks 1 | . . 1 Combat Hostiles . | . . . Follow-up Attacks . | . . . Damage Inflicted 1562 | 90 298 1174 Guns 259 | 90 169 . Cannons 470 | . 129 341 Explosions 735 | . . 735 Melee 98 | . . 98 Ramming . | . . . Kinetic 629 | 47 241 341 Thermal 100 | 43 57 . Explosive 735 | . . 735 Electromagnetic . | . . . Impact . | . . . Slashing 98 | . . 98 Piercing . | . . . Highest Corruption 8 | . 3 8 Average Corruption 2 | . 2 5 Corruption Purged . | . . . Corruption Blocked . | . . . Effects 21 | . 16 5 Message Errors 2 | . 2 . Matter Fused 5 | . 4 1 Heat Flow Errors 6 | . 4 2 Energy Discharges 4 | . 3 1 Parts Rejected 1 | . 1 . Data Loss (major) 2 | . 1 1 Weapon Failures 1 | . 1 . Overload Shots . | . . . Overflow Damage 7 | . . 7 Projectiles . | . . . Explosions 7 | . . 7 Melee . | . . . Knockbacks 6 | . . 6 Impact . | . . . Kinetic 6 | . . 6 Secondary . | . . . Self-Inflicted Damage 97 | . . 97 Shots 5 | . . 5 Rammed . | . . . Targets Rammed . | . . . Kicked . | . . . Crushed . | . . . Highest Temperature 525 | . 525 200 Average Temperature 134 | . 156 57 Received Heat Transfer 131 | . 42 89 Effects 4 | . 4 . Energy Bleed 1 | . 1 . Interference 2 | . 2 . Damage (minor) 1 | . 1 . Siege Activations . | . . . Martial Activations . | . . . Shielding Activations . | . . . Robots Disrupted . | . . . Combat Hostiles . | . . . Robots Corrupted . | . . . Combat Hostiles . | . . . Parts Fried . | . . . Impact Corruptions . | . . . Robots Melted . | . . . Combat Hostiles . | . . . Parts Melted . | . . . Heat Transferred 225 | 100 125 . Parts Sabotaged . | . . . Parts Stolen . | . . . Parts Stripped . | . . . Power Chain Reactions . | . . . Alert | -11 -10 -10 ------- Run | Yrd Mat Min Maximum Alert Level . | . . . Low Security (%) 100 | 100 100 100 Level 1 . | . . . Level 2 . | . . . Level 3 . | . . . Level 4 . | . . . Level 5 . | . . . High Security . | . . . Max Security . | . . . Peak Influence 140 | 15 140 114 Initial 14 | . 3 14 Average 50 | 3 49 69 Influence Increases 705 | 30 378 297 Destroy 0b10 Robot/C 400 | . 220 180 Destroy 0b10 Robot/NC 35 | 30 . 5 Destroy Leader 80 | . 40 40 Successful Hack 56 | . 56 . Select Force Hacks 30 | . 30 . Disable Machine 30 | . . 30 Destroy Structure 44 | . 2 42 Lose Combat Pursuer 30 | . 30 . Influence Decreases 624 | 25 345 254 Entered New Map 26 | . 2 24 Time Decay 460 | 25 305 130 Lost Part 100 | . . 100 Purge Threat 38 | . 38 . Squads Dispatched 2 | . 2 . Investigation 1 | . 1 . Extermination . | . . . Reinforcement 1 | . 1 . Assault . | . . . Garrison . | . . . Intercept . | . . . Searches Triggered . | . . . Construction Impeded . | . . . Haulers Reinforced . | . . . Active Scanning Responses . | . . . Cargo Convoy Interrupts . | . . . Stealth | -11 -10 -10 --------- Run | Yrd Mat Min Distress Signals . | . . . Communications Jammed . | . . . Distress Signals . | . . . Times Spotted 40 | . 18 22 Peak Tracking Total 8 | . 4 8 Tactical Retreats 3 | . 2 1 Traps | -11 -10 -10 ------- Run | Yrd Mat Min Traps Triggered 2 | . 2 . Indirectly . | . . . Trap Hack Attempts . | . . . Triggered . | . . . Disarmed . | . . . Reprogrammed . | . . . Reused . | . . . Traps Extracted . | . . . Installed . | . . . Triggered . | . . . Machines | -11 -10 -10 ---------- Run | Yrd Mat Min Machines Disabled 2 | . . 2 Max in Single Turn 1 | . . 1 Machines Repaired . | . . . Machines Dismantled . | . . . Machines Sabotaged . | . . . Overloaded Fab Kills . | . . . Hacking | -11 -10 -10 --------- Run | Yrd Mat Min Machines Accessed 9 | . 9 . Terminals 7 | . 7 . Fabricators . | . . . Repair Stations 1 | . 1 . Recycling Units 1 | . 1 . Scanalyzers . | . . . Garrison Access . | . . . Total Hacks 29 | . 29 . Successful 19 | . 19 . Failed 9 | . 9 . Catastrophic . | . . . Database Lockouts 1 | . 1 . Manual 19 | . 19 . Terminals 25 | . 25 . Fabricators . | . . . Repair Stations 2 | . 2 . Recycling Units 2 | . 2 . Scanalyzers . | . . . Garrison Access . | . . . Terminal Hacks 8 | . 8 . Robot Analysis 1 | . 1 . Prototype ID Bank 1 | . 1 . Terminal Index 1 | . 1 . Unreport Threat 2 | . 2 . Locate Traps 1 | . 1 . Registered Components 1 | . 1 . Zone Layout 1 | . 1 . Fabricator Hacks . | . . . Repair Station Hacks 2 | . 2 . Scan Component 1 | . 1 . Repair 1 | . 1 . Recycling Unit Hacks . | . . . Scanalyzer . | . . . Garrison Access Hacks . | . . . Unauthorized Hacks 8 | . 8 . Terminals 7 | . 7 . Botnet 2 | . 2 . Skim 5 | . 5 . Fabricators . | . . . Repair Stations . | . . . Recycling Units 1 | . 1 . Tunnel 1 | . 1 . Scanalyzers . | . . . Garrison Access . | . . . Data Cores Recovered . | . . . Used . | . . . Hacking Detections 7 | . 7 . Full Trace Events . | . . . Feedback Events . | . . . Feedback Blocked . | . . . Robot Schematics Acquired . | . . . Robots Built . | . . . Authchips . | . . . Time . | . . . Total Robot Build Rating . | . . . Part Schematics Acquired . | . . . Parts Built . | . . . Authchips . | . . . Time . | . . . Total Part Build Rating . | . . . Parts Repaired 1 | . 1 . Time 26 | . 26 . Parts Recycled . | . . . Recycled Matter . | . . . Retrieved Matter . | . . . Retrieved Components . | . . . Parts Scanalyzed . | . . . Part Schematics Acquired . | . . . Parts Damaged . | . . . Bothacking | -11 -10 -10 ------------ Run | Yrd Mat Min Used RIF Installer . | . . . Robots Hacked . | . . . Non-combat . | . . . Combat . | . . . Robot Hacks Applied . | . . . Relay Couplers Released . | . . . Fabnet Peak Effective % . | . . . Robots Rewired . | . . . Allies Hacked . | . . . Hacks Repelled . | . . . Allies | -11 -10 -10 -------- Run | Yrd Mat Min Total Allies . | . . . Largest Group . | . . . Highest-Rated Group . | . . . Highest-Rated Ally . | . . . Total Orders . | . . . Ally Attacks . | . . . Total Damage . | . . . Kills . | . . . Allies Corrupted . | . . . Allies Melted . | . . . Intel | -11 -10 -10 ------- Run | Yrd Mat Min Active Infowar (turns) 1 | . 1 . Sensors 1 | . 1 . Robot Analysis Total 1 | . 1 . Derelict Logs Recovered 1 | . . 1 Drone Launches . | . . . Drone Recoveries . | . . . Exploration | -11 -10 -10 ------------- Run | Yrd Mat Min Turns Passed 1343 | 82 1000 261 Spaces Moved 949 | 53 718 178 Core 4 | 4 . . Treads 7 | . 7 . Legs . | . . . Wheels 938 | 49 711 178 Hover . | . . . Flight . | . . . Fastest Speed 50 | 50 80 90 Average Speed 108 | 77 114 92 Slowest Speed 240 | 80 240 125 Overloaded Moves . | . . . Propulsion Burnouts . | . . . Robots Hopped . | . . . Potential Cave-ins . | . . . Cave-ins Triggered . | . . . Exploration Rate (%) 46 | 4 90 46 Regions Visited 2 Branch Regions 1 Pre-discovered Areas 1 | . 1 . Known Exits Taken 1 | . 1 . Unknown Exits Taken 1 | 1 . . Scrap Searched 1 | . . 1 Spaces Dug 1 | . 1 . Terrain Destroyed 49 | . 2 47 Melee . | . . . Projectile 2 | . 2 . AOE 47 | . . 47 Terrain Rammed . | . . . Walls Destroyed . | . . . Machines Disabled . | . . . Actions | -11 -10 -10 --------- Run | Yrd Mat Min Total 1137 | 72 838 227 Wait 67 | . 66 1 Move 947 | 52 717 178 Hop . | . . . Pick Up 18 | 5 10 3 Fast Attach 11 | 5 6 . Attach 8 | . . 8 Detach 1 | . . 1 Swap 9 | 1 5 3 Drop 6 | . 3 3 Fire 64 | 9 31 24 Melee 6 | . . 6 Ram . | . . . Kick . | . . . Crush . | . . . Escape Stasis . | . . . Rewire . | . . . Trap . | . . . Miscellaneous . | . . . Route ------- -11/Scrapyard -10/Materials (discovered 6 exits: *Mat x3 / *Min x2 / *Sub) -10/Mines (discovered 4 exits: Mat x2 / Exi / *Sub) History --------- Turn | Location | Event 41 | -11/Scrapyard | Discovered new exit (range 15) 83 | -11/Scrapyard | Entered Materials 133 | -10/Materials | Discovered new exit (range 7) 268 | -10/Materials | Discovered new exit (range 16) 307 | -10/Materials | Build established: Mutant 637 | -10/Materials | Repaired Lgt. Armor Plating 648 | -10/Materials | Identified exit to Materials 648 | -10/Materials | Identified exit to Mines 699 | -10/Materials | Discovered exit to Materials (range 10) 718 | -10/Materials | Learned 4 Subcaves zone layouts 775 | -10/Materials | Central database locked down 825 | -10/Materials | Learned 2 Storage zone layouts 861 | -10/Materials | Loaded intel: 43 machine locations 887 | -10/Materials | Learned location of 2 exits from Mines 924 | -10/Materials | Learned Materials stockpile data 1011 | -10/Materials | Discovered new exit (range 7) 1083 | -10/Materials | Entered Mines 1084 | -10/Mines | Assembled infested the area 1085 | -10/Mines | Identified exit to Exiles 1085 | -10/Mines | Identified exit to Subcaves 1122 | -10/Mines | Core integrity fell below 50% 1136 | -10/Mines | Core integrity fell below 20% 1180 | -10/Mines | Lost 7 parts (1p2n2u2w) 1344 | -10/Mines | Destroyed self with Grenade Launcher Last Messages --------------- 01285_ Acquired 18 matter. 01287_ U-05 Engineer destroyed. 01290_ The unstable cave ceiling collapses. 01307_ as-67106 destroyed. 01309_ as-08908 destroyed. 01309_ Plasma Injector explodes. 01325_ Acquired 2 matter. 01328_ Acquired derelict log, extracted data. Data stored: Mines entrances (x2). 01334_ Acquired 16 matter. 01342_ Destroyed Asb. F-torch. 01342_ as-10648 destroyed. 01342_ as-47941 destroyed. 01344_ Com. Wheel destroyed. 01344_ System corrupted by crushing effect (+3). 01344_ as-13188 destroyed. 01344_ as-98632 destroyed. 01344_ as-04051 destroyed. 01344_ Wheel destroyed. 01344_ Destroyed Wheel. Map ----- +----------------------------------------------------+ | | | | | ?????????????????????????????????????????????????? | | ?????????????????????????????????????????????????? | | ?????????????????????????????????????????????????? | | ?????????????????????????????????????????????????? | | ?????????????????????????????????????????????????? | | ?????????????????????????????????????????????????? | | ??? #????#???????????????????????????????????????? | | ??? #### ???????????????????????????????????????? | | ??? ???????????????????????????????????????? | | ???? ?????????????????